 Dungeon Crawl Stone Soup version 0.17-a0-1701-gf693a3f (webtiles) character file.

39 urechis the Cudgeler (level 3, -3/36 HPs)
             Began as an Ogre Gladiator on Aug 21, 2015.
             Slain by an adder (5 damage)
             ... on level 2 of the Dungeon.
             The game lasted 00:01:33 (1469 turns).

urechis the Cudgeler (Ogre Gladiator)               Turns: 1469, Time: 00:01:33

Health: -3/36      AC:  4    Str: 21    XL:     3   Next: 45%
Magic:  3/3        EV: 10    Int: 12    God:
Gold:   83         SH:  0    Dex: 10    Spells: 0 memorised, 2 levels left

rFire  . . .     SeeInvis .     a - +0 flail
rCold  . . .     Clarity  .     b - +0 robe
rNeg   . . .     SustAt   .     (no shield)
rPois  .         Gourm    .     c - +0 hat
rElec  .         Spirit   .     o - +0 cloak
rCorr  .         Warding  .     (gloves unavailable)
rMut   .         Stasis   .     (boots unavailable)
MR     .....                    (no amulet)
Stlth  +.........               (no ring)
                                (no ring)

@: brilliant, lethally poisoned (-3 -> -12), not resistant to hostile
enchantments, very unstealthy
A: unfitting armour, tough skin 1
a: no special abilities


You were on level 2 of the Dungeon.
You were not hungry.

You visited 1 branch of the dungeon, and saw 2 of its levels.

You collected 83 gold pieces.

Inventory:

Hand weapons
 a - a +0 flail (weapon)
Missiles
 d - 3 throwing nets (quivered)
Armour
 b - a +0 robe (worn)
 c - a +0 hat (worn)
 o - a +0 cloak (worn)
Scrolls
 j - 2 scrolls of amnesia {unknown}
 k - 2 scrolls of remove curse {unknown}
 l - 4 scrolls of fear {unknown}
 n - a scroll of immolation {unknown}
 q - a scroll of noise {unknown}
 r - a scroll of teleportation {unknown}
 s - a scroll of identify {unknown}
Potions
 f - a potion of brilliance
 g - a potion of lignification {unknown}
 h - a potion of cancellation {unknown}
 i - 3 potions of degeneration {unknown}
Comestibles
 e - a bread ration
 m - a fruit
 p - a meat ration
 t - a chunk of flesh


   Skills:
 - Level 2.6 Fighting
 + Level 5.8 Maces & Flails
 - Level 2.1 Throwing
 - Level 2.6 Dodging


You had 2 spell levels left.
You didn't know any spells.

Dungeon Overview and Level Annotations

Branches:
Dungeon (2/15)

Altars:


Innate Abilities, Weirdness & Mutations

You are too large for most types of armour.
You have tough skin (AC +1).


Message History

The adder is heavily wounded.
* * * LOW HITPOINT WARNING * * *
You feel sick. The adder bites you but does no damage.
You closely miss the adder.
The adder is heavily wounded.
* * * LOW HITPOINT WARNING * * *
You feel sick. The adder barely misses you.
You hit the adder.
The adder is severely wounded.
* * * LOW HITPOINT WARNING * * *
You feel sick. The adder bites you.
* * * LOW HITPOINT WARNING * * *
The adder bites you.
* * * LOW HITPOINT WARNING * * *
Drink which item? (? for menu, Esc to quit)
It was a potion of brilliance.
You feel clever all of a sudden.
* * * LOW HITPOINT WARNING * * *
You feel sick. The adder bites you.
You die...

...............##................
....)..).........................
....>...................#....†...
....#...........##....#.#...†....
....#...................#........
....#............................
....###########.#########........
....# #..# #........ ....# ##@#
#........ ....# #S.# #.........
....# ....# #......... ....#
.....# #...###+#. ##### ......#
#...# #. .......# #. ........# #.
.........# ## #


You could see an adder.

Vanquished Creatures
  An adder (D:2)
  A worm (D:2)
  A giant gecko (D:2)
  3 hobgoblins
  8 kobolds
  A ball python (D:1)
  4 bats
  A giant cockroach (D:1)
  A giant newt (D:1)
  5 goblins
  2 rats (D:1)
28 creatures vanquished.

Notes
Turn   | Place    | Note
--------------------------------------------------------------
     0 | D:1      | urechis the Ogre Gladiator began the quest for the Orb.
     0 | D:1      | Reached XP level 1. HP: 22/22 MP: 1/1
   252 | D:1      | Reached XP level 2. HP: 27/29 MP: 2/2
   613 | D:1      | Reached skill level 5 in Maces & Flails
   838 | D:2      | Reached XP level 3. HP: 24/36 MP: 3/3
  1469 | D:2      | Slain by an adder

Vault maps used:
D:1:      dpeg_arrival_tiny_i, serial_park_tiny_pond, minmay_misc_feat_ornament,
          minmay_liquid_box, minmay_misc_feat_doors

Action                   || total
-------------------------++-------
Melee: Flail             ||   126
  Use: Potion            ||     3
 Stab: Sleeping          ||     1
  Eat: Chunk             ||     2
